Cogmind - Beta 14 @@@ ROGUE MODE // 2024.09.14 @ 17:41:55 Player: Dull Result: Destroyed by DU-TWO(R) with Subdweller Shrapnel Launcher Performance ------------- Evolutions (0) 0 Regions Visited (2) 400 Robots Destroyed (25) 125 Value Destroyed (627) 627 Prototype IDs (0) 0 Alien Tech Used (0) 0 Bonus (0) 0 TOTAL SCORE: 1152 Bonus ------- None Cogmind --------- Core Integrity 0/250 Matter 121/300 Energy 250/250 System Corruption 1% Temperature Cool (0) Movement Treading (240) Ox1 Location -10/Subcaves Parts ------- > --- POWER (1) -------- Ion Engine > --- PROPULSION (2) --- Light Treads Wheel > --- UTILITY (2) ------ Scrap Shield > --- WEAPON (2) ------- Light Assault Rifle Grenade Launcher > --- INVENTORY (5) ---- Ion Engine Heat Sink Makeshift Kinetic Plating Mining Laser Scrap Shield Fragment (49) Peak State ------------ > --- POWER ------------ Ion Engine > --- PROPULSION ------- Light Treads Light Treads > --- UTILITY ---------- Improved Heat Sink High-capacity Storage Unit > --- WEAPON ----------- Small Laser Assault Rifle > --- INVENTORY -------- Ion Engine Ion Engine Ion Engine Ion Engine Light Treads Light Treads Wheel Wheel Hover Unit Hover Unit Hover Unit Hover Unit Heat Sink ECM Suite Medium Laser Light Assault Rifle Light Assault Rifle Grenade Launcher Mining Laser [Rating: 10] Favorites ----------- Power Ion Engine Engine Ion Engine Propulsion Light Treads Treads Light Treads Leg Aluminum Leg Wheel Wheel Utility High-capacity Storage Unit Device Seismic Detector Storage High-capacity Storage Unit Protection Light Armor Plating Weapon Small Laser Energy Gun Small Laser Ballistic Gun Light Assault Rifle Launcher Grenade Launcher Special Weapon Mining Laser Build | -11 -10 -10 ------- Run | Yrd Mat Sub Slots Evolved . | . . . Power . | . . . Propulsion . | . . . Utility . | . . . Weapon . | . . . Parts Attached 25 | . 14 11 Power 3 | . 2 1 Engine 3 | . 2 1 Core . | . . . Reactor . | . . . Propulsion 7 | . 4 3 Treads 6 | . 4 2 Leg . | . . . Wheel 1 | . . 1 Hover . | . . . Flight . | . . . Utility 6 | . 4 2 Device 2 | . 1 1 Storage 2 | . 2 . Processor . | . . . Hackware . | . . . Protection 2 | . 1 1 Artifact . | . . . Weapon 9 | . 4 5 Energy Gun 2 | . 1 1 Energy Cannon . | . . . Ballistic Gun 3 | . 2 1 Ballistic Cannon . | . . . Launcher 3 | . 1 2 Special Weapon 1 | . . 1 Impact Weapon . | . . . Slashing Weapon . | . . . Piercing Weapon . | . . . Special Melee Weapon . | . . . Unidentified Prototypes . | . . . Parts Lost 4 | . 1 3 Power 1 | . . 1 Propulsion 1 | . . 1 Utility 1 | . 1 . Weapon 1 | . . 1 Highest Loss Streak 3 | . 1 3 To Critical Strikes . | . . . Average Slot Usage (%) 95 | . 97 88 Engine 13 | . 14 13 Treads 25 | . 27 18 Wheel 1 | . . 9 Device 4 | . 3 4 Storage 12 | . 14 4 Protection 8 | . 8 9 Energy Gun 12 | . 14 4 Ballistic Gun 13 | . 14 13 Launcher 1 | . . 8 Peak Build Rating 10 | 6 9 10 Average Rating 8 | 6 8 9 On Entrance 6 | 6 6 8 Naked Turns . | . . . Heaviest Build 52 | 12 52 49 Greatest Support 40 | 20 40 40 Greatest Overweight (x) 1 | . 1 1 Average Overweight (x) . | . . 1 Largest Inventory Capacity 20 | 8 20 20 Average Capacity 17 | 8 19 10 Most Carried 20 | 6 20 19 Average Carried 14 | 6 15 9 Final Capacity 20 | 8 20 5 Final Carried 20 | 6 20 5 Class Distribution -------------------- 100% | Mutant Dominant Class ---------------- Mutant | -10/Materials Mutant | -10/Subcaves Resources | -11 -10 -10 ----------- Run | Yrd Mat Sub Matter Collected 513 | 200 273 40 Remotely . | . . . Salvage Created 834 | . 696 138 Parts 62 | . 55 7 Haulers Intercepted 1 | . 1 . Recyclers Shooed . | . . . Parts Field Recycled . | . . . Retrieved Matter . | . . . Parts Self-Destructed 4 | . . 4 Prevented . | . . . Kills | -11 -10 -10 ------- Run | Yrd Mat Sub Combat Hostiles Destroyed 20 | . 16 4 Guns 18 | . 16 2 AOE 2 | . . 2 Classes Destroyed 8 | . 7 1 Worker 1 | . 1 . Hauler 1 | . 1 . Recycler 1 | . 1 . Operator 1 | . 1 . Watcher 1 | . 1 . Swarmer 6 | . 6 . Grunt 10 | . 10 . Subdweller 4 | . . 4 Best Kill Streak 4 | . 4 2 Combat Bots Only 3 | . 3 2 Max Kills in Single Turn 1 | . 1 1 Gunslinging . | . . . Exploded 1 | . . 1 Melee . | . . . Uniques/NPCs Destroyed . | . . . Combat | -11 -10 -10 -------- Run | Yrd Mat Sub Hostile Shots Fired 132 | . 98 34 Missed 33 | . 21 12 Damage Taken 1384 | . 791 593 Core 264 | . 107 157 Absorbed by Shields . | . . . Regen/Repaired (Parts) 221 | . 221 . Core Remaining (%) 100 | 100 . . Volleys Fired 97 | . 78 19 Largest 2 | . 2 2 Hottest 100 | . 60 100 Shots Fired 182 | . 153 29 Gun 171 | . 151 20 Cannon . | . . . Launcher 10 | . 2 8 Special 1 | . . 1 Kinetic 80 | . 76 4 Thermal 92 | . 75 17 Explosive 10 | . 2 8 Electromagnetic . | . . . Robot Hit Streak 16 | . 11 16 Robot Miss Streak 4 | . 4 2 Penetration Max . | . . . Secondary Targets 4 | . 3 1 Max Gunslinging Chain 1 | . 1 1 Shots Hit Robots 119 | . 98 21 Core Hits 49 | . 42 7 Critical Kills . | . . . Critical Parts Destroyed . | . . . Critical Strikes 1 | . . 1 Burn 1 | . . 1 Melee Attacks . | . . . Impact . | . . . Slashing . | . . . Piercing . | . . . Sneak Attacks . | . . . Combat Hostiles . | . . . Follow-up Attacks . | . . . Damage Inflicted 1548 | . 1053 495 Guns 1234 | . 1053 181 Cannons . | . . . Explosions 314 | . . 314 Melee . | . . . Ramming . | . . . Kinetic 522 | . 494 28 Thermal 712 | . 559 153 Explosive 314 | . . 314 Electromagnetic . | . . . Impact . | . . . Slashing . | . . . Piercing . | . . . Highest Corruption 1 | . 1 1 Average Corruption 1 | . 1 1 Corruption Purged . | . . . Corruption Blocked . | . . . Effects 7 | . 1 6 Message Errors 1 | . 1 . Matter Fused 4 | . . 4 Heat Flow Errors 1 | . . 1 Data Loss (minor) 1 | . . 1 Overload Shots . | . . . Overflow Damage . | . . . Projectiles . | . . . Explosions . | . . . Melee . | . . . Knockbacks . | . . . Impact . | . . . Kinetic . | . . . Secondary . | . . . Self-Inflicted Damage 55 | . . 55 Shots 2 | . . 2 Rammed . | . . . Targets Rammed . | . . . Kicked . | . . . Crushed . | . . . Highest Temperature 275 | . 97 275 Average Temperature 40 | . 34 128 Received Heat Transfer 645 | . 282 363 Siege Activations . | . . . Robots Corrupted . | . . . Combat Hostiles . | . . . Parts Fried . | . . . Impact Corruptions . | . . . Robots Melted . | . . . Combat Hostiles . | . . . Parts Melted 1 | . . 1 Heat Transferred 1696 | . 1225 471 Parts Sabotaged . | . . . Parts Stolen . | . . . Parts Stripped . | . . . Power Chain Reactions . | . . . Alert | -11 -10 -10 ------- Run | Yrd Mat Sub Peak Influence 258 | . 258 . Initial . | . . . Average 71 | . 71 . Maximum Alert Level 1 | . 1 . Low Security (%) 98 | 100 98 . Level 1 1 | . 1 . Level 2 . | . . . Level 3 . | . . . Level 4 . | . . . Level 5 . | . . . High Security . | . . . Max Security . | . . . Squads Dispatched 2 | . 2 . Investigation . | . . . Extermination . | . . . Reinforcement 2 | . 2 . Assault . | . . . Garrison . | . . . Intercept . | . . . Searches Triggered . | . . . Construction Impeded . | . . . Haulers Reinforced . | . . . Active Scanning Responses . | . . . Cargo Convoy Interrupts . | . . . Stealth | -11 -10 -10 --------- Run | Yrd Mat Sub Distress Signals 3 | . 3 . Communications Jammed . | . . . Distress Signals . | . . . Times Spotted 42 | . 37 5 Peak Tracking Total 5 | . 5 2 Tactical Retreats 2 | . 2 . Traps | -11 -10 -10 ------- Run | Yrd Mat Sub Traps Triggered 1 | . 1 . Indirectly . | . . . Trap Hack Attempts . | . . . Triggered . | . . . Disarmed . | . . . Reprogrammed . | . . . Reused . | . . . Traps Extracted . | . . . Installed . | . . . Triggered . | . . . Machines | -11 -10 -10 ---------- Run | Yrd Mat Sub Machines Disabled . | . . . Max in Single Turn . | . . . Machines Repaired . | . . . Machines Dismantled . | . . . Machines Sabotaged . | . . . Overloaded Fab Kills . | . . . Hacking | -11 -10 -10 --------- Run | Yrd Mat Sub Machines Accessed 7 | . 7 . Terminals 4 | . 4 . Fabricators . | . . . Repair Stations 1 | . 1 . Recycling Units 2 | . 2 . Scanalyzers . | . . . Garrison Access . | . . . Total Hacks 25 | . 25 . Successful 12 | . 12 . Failed 13 | . 13 . Catastrophic 3 | . 3 . Database Lockouts . | . . . Manual 13 | . 13 . Terminals 11 | . 11 . Fabricators . | . . . Repair Stations 5 | . 5 . Recycling Units 9 | . 9 . Scanalyzers . | . . . Garrison Access . | . . . Terminal Hacks 4 | . 4 . Part Schematic 1 | . 1 . Robot Analysis 3 | . 3 . Fabricator Hacks . | . . . Repair Station Hacks 4 | . 4 . Scan Component 2 | . 2 . Repair 2 | . 2 . Recycling Unit Hacks . | . . . Scanalyzer . | . . . Garrison Access Hacks . | . . . Unauthorized Hacks 4 | . 4 . Terminals . | . . . Fabricators . | . . . Repair Stations . | . . . Recycling Units 4 | . 4 . Reject 2 | . 2 . Mask 2 | . 2 . Scanalyzers . | . . . Garrison Access . | . . . Data Cores Recovered . | . . . Used . | . . . Hacking Detections 6 | . 6 . Full Trace Events 1 | . 1 . Feedback Events . | . . . Feedback Blocked . | . . . Robot Schematics Acquired . | . . . Robots Built . | . . . Authchips . | . . . Time . | . . . Total Robot Build Rating . | . . . Part Schematics Acquired 1 | . 1 . Parts Built . | . . . Authchips . | . . . Time . | . . . Total Part Build Rating . | . . . Parts Repaired 2 | . 2 . Time 52 | . 52 . Parts Recycled . | . . . Recycled Matter . | . . . Retrieved Matter . | . . . Retrieved Components . | . . . Parts Scanalyzed . | . . . Part Schematics Acquired . | . . . Parts Damaged . | . . . Bothacking | -11 -10 -10 ------------ Run | Yrd Mat Sub Used RIF Installer . | . . . Robots Hacked . | . . . Non-combat . | . . . Combat . | . . . Robot Hacks Applied . | . . . Relay Couplers Released . | . . . Fabnet Peak Effective % . | . . . Robots Rewired . | . . . Allies Hacked . | . . . Hacks Repelled . | . . . Allies | -11 -10 -10 -------- Run | Yrd Mat Sub Total Allies . | . . . Largest Group . | . . . Highest-Rated Group . | . . . Highest-Rated Ally . | . . . Total Orders . | . . . Ally Attacks . | . . . Total Damage . | . . . Kills . | . . . Allies Corrupted . | . . . Allies Melted . | . . . Intel | -11 -10 -10 ------- Run | Yrd Mat Sub Robot Analysis Total 3 | . 3 . Derelict Logs Recovered . | . . . Drone Launches . | . . . Drone Recoveries . | . . . Exploration | -11 -10 -10 ------------- Run | Yrd Mat Sub Turns Passed 2968 | 3 2341 624 Spaces Moved 1054 | 3 826 225 Core . | . . . Treads 1051 | . 826 225 Legs 3 | 3 . . Wheels . | . . . Hover . | . . . Flight . | . . . Fastest Speed 120 | 120 160 240 Average Speed 234 | 120 233 240 Slowest Speed 240 | 120 240 240 Overloaded Moves . | . . . Propulsion Burnouts . | . . . Robots Hopped . | . . . Cave-ins Triggered . | . . . Exploration Rate (%) 39 | 2 99 16 Regions Visited 2 Branch Regions 1 Pre-discovered Areas . | . . . Known Exits Taken . | . . . Unknown Exits Taken 2 | 1 1 . Scrap Searched . | . . . Spaces Dug 10 | . 10 . Terrain Destroyed 55 | . 17 38 Melee . | . . . Projectile . | . . . AOE 55 | . 17 38 Terrain Rammed . | . . . Walls Destroyed . | . . . Machines Disabled . | . . . Actions | -11 -10 -10 --------- Run | Yrd Mat Sub Total 1385 | 2 1101 282 Wait 166 | . 155 11 Move 1052 | 2 825 225 Hop . | . . . Pick Up 23 | . 19 4 Fast Attach 5 | . 4 1 Attach 8 | . . 8 Detach . | . . . Swap 12 | . 10 2 Drop 20 | . 10 10 Fire 97 | . 78 19 Melee . | . . . Ram . | . . . Kick . | . . . Crush . | . . . Escape Stasis . | . . . Rewire . | . . . Trap . | . . . Miscellaneous 2 | . . 2 Route ------- -11/Scrapyard -10/Materials (discovered 6 exits: [*Mat x3] / [*Min x2] / [*Sub]) -10/Subcaves (discovered 1 exit: [*Mat]) History --------- Turn | Location | Event 1 | -11/Scrapyard | Discovered new exit (range 3) 4 | -11/Scrapyard | Entered Materials 306 | -10/Materials | Build established: Mutant 528 | -10/Materials | Discovered new exit (range 6) 938 | -10/Materials | Discovered new exit (range 16) 1298 | -10/Materials | Repaired Lgt. Treads 1325 | -10/Materials | Repaired Lgt. Treads 1414 | -10/Materials | Discovered new exit (range 14) 1614 | -10/Materials | Discovered new exit (range 7) 1777 | -10/Materials | Discovered new exit (range 9) 2018 | -10/Materials | Discovered new exit (range 13) 2345 | -10/Materials | Entered Subcaves 2502 | -10/Subcaves | Core integrity fell below 50% 2513 | -10/Subcaves | Core integrity fell below 20% 2550 | -10/Subcaves | Lost 3 parts (1p1n1w) 2901 | -10/Subcaves | Discovered new exit (range 12) 2925 | -10/Subcaves | A Subdweller sparked back to life 2969 | -10/Subcaves | Destroyed by DU-TWO(R) with Subdweller Shrapnel Launcher Last Messages --------------- 02587_ Dropped Scrap Shield Fragment. 02587_ Acquired Mak. Kinetic Plating. 02603_ Dropped ECM Suite. 02603_ Acquired Mining Laser. 02661_ Subatomizers dissect the Sub. Optics. 02762_ Acquired 10 matter. 02786_ System corrupted: Heat flow error (+288). 02865_ System corrupted: Matter fused (-8). 02901_ EXIT=FOUND 02925_ 2H-CVE(R) creaks and sparks as it begins to move. 02925_ 2H-CVE(R) destroyed. 02927_ The unstable cave ceiling collapses. 02937_ XU-WQO(R) destroyed. 02951_ The unstable cave ceiling collapses. 02951_ Acquired 10 matter. 02953_ The unstable cave ceiling collapses. 02956_ Scrap Shield Fragment affixed to Scrap Shield (+38). 02958_ The unstable cave ceiling collapses. 02959_ Scrap Shield Fragment affixed to Scrap Shield (+27). 02966_ The unstable cave ceiling collapses. Map ----- +----------------------------------------------------+ | ??????????????### ### #???""""##?????????? | | ??????????????# #???#""" #?????????? | | ????????????# ## ##### #?????????? | | ????????????# ?## " " ## #??????????? | | ????????????## ??# # #??????????? | | ?????????????#### ##### ##?????????? | | ????????????????## ## #???# #?????????? | | ?????????????????#??### ??# " #?????????? | | ??????????????????????? ## """ #?????????? | | ??????????????????????## ?## """"" #?????????? | | ???????????????????????# ??# """ #?????????? | | ?????????????????????? ??## " #?????????? | | ???????????????????? #???## #?????????? | | ??????????????????? ##?????## #?????????? | | ??????????????????? ## ????????## #?????????? | | ??????????????????? ??##????????### #?????????? | | ??????????????????#?????######### #?????????? | | ?????????????????## ????# # # #?????????? | | ?????????????????# # ??## ### #?????????? | | ??????????????????# ### < [! ###?####?????????? | | ???????????????????# ;## %## #???????????????? | | ???????????????????# ;## # ##??????????????? | | ???????????????????# R ?# #??????????????? | | ????????????????????? ;# = ##??????????????? | | ??????????????????????? < # #??????????????? | | ????????????????????????#@ < # ##??????????????? | | ????????????????????????## < # #??????????????? | | ?????????????????????????## ##??????????????? | | ??????????????????????????########???????????????? | | ?????????????????????????????????????????????????? | | ?????????????????????????????????????????????????? | | ?????????????????????????????????????????????????? | | ?????????????????????????????????????????????????? | | ?????????????????????????????????????????????????? | | ?????????????????????????????????????????????????? | | ?????????????????????????????????????????????????? | | ?????????????????????????????????????????????????? | | ?????????????????????????????????????????????????? | | ?????????????????????????????????????????????????? | | ?????????????????????????????????????????????????? | | ?????????????????????????????????????????????????? | | ?????????????????????????????????????????????????? | | ?????????????????????????????????????????????????? | | ?????????????????????????????????????????????????? | | ?????????????????????????????????????????????????? | | ?????????????????????????????????????????????????? | | | | | | | | | +----------------------------------------------------+ Best States ------------- Heat Dissipation 39 Energy Generation 10 Energy Capacity 250 Matter Stores 300 Matter Capacity 300 Sight Range 16 Terrain Scan Density 10 Armor Coverage 800 Evasion (%) 40 Recoil Reduction 2 Item Schematics ----------------- Huge Storage Unit | -10/Materials | Hacked Robot Schematics ------------------ None Fabricated ------------ Nothing Alien Tech Used ----------------- None Achievements -------------- None Challenges ------------ None Game ------ Seed NuclearHellfireShifter Manual? 0 Play Time 00:14:19 Cumulative 77.6 hours Start 2024.09.14 @ 17:25:29 End 2024.09.14 @ 17:41:55 Sessions 1 Manual Loads 0 Difficulty Rogue Special Mode None Game No. 101 Rogue 101 Adventurer 0 Explorer 0 Win Type - Total 1 Types 1/0/0/0/0/0/0/0/0 Lore% 17 Gallery% 54 Achievement% 43 Wizard Run 0 Options --------- Layout 0 ASCII 0 Keyboard 0 Movement Mouse Keybinds 1 Fullscreen 1 Font 18/TerminusBold Map View 76x50 Zoom Use 0% Tactical HUD 1 Map Filters NONE Filters NONE Steam 1 RUN: bee18b62-8477-4647-9e50-39c6bb20fc99